 Dungeon Crawl Stone Soup version 0.21-a0-128-gf2b353c (webtiles) character file.

1484 Gorglomux the Cleaver (level 8, -5/62 HPs)
             Began as a Hill Orc Warper on July 16, 2017.
             Was a Follower of Makhleb.
             Slain by a troll (10 damage)
             ... on level 6 of the Dungeon.
             The game lasted 00:09:47 (5198 turns).

Gorglomux the Cleaver (Hill Orc Warper)             Turns: 5198, Time: 00:09:49

Health: -5/62      AC:  9    Str: 14 (16) XL:     8   Next: 79%
Magic:  10/10      EV: 11    Int: 11 (13) God:    Makhleb [*.....]
Gold:   266        SH:  0    Dex:  8 (10) Spells: 10/10 levels left

rFire    . . .     SeeInvis .   K - +1 hand axe (vamp)
rCold    . . .     Gourm    .   N - +0 buckler
rNeg     . . .     Faith    .   R - +0 scale mail
rPois    .         Spirit   .   (no helmet)
rElec    .         Reflect  .   W - +0 cloak
rCorr    .         Harm     .   F - +0 pair of gloves
MR       +....                  J - +0 pair of boots (curse)
Stlth    ..........             r - amulet of regeneration
HPRegen  0.60/turn              m - ring of protection from magic
MPRegen  0.12/turn              H - +3 ring of evasion (curse)

@: confused
A: no striking features
a: Renounce Religion


You were on level 6 of the Dungeon.
You worshipped Makhleb.
Makhleb was aware of your devotion.
You were not hungry.

You visited 2 branches of the dungeon, and saw 7 of its levels.

You collected 266 gold pieces.

Inventory:

Hand Weapons
 K - a +1 vampiric hand axe (weapon)
Missiles
 e - 5 tomahawks of dispersal (quivered)
Armour
 F - a +0 pair of gloves (worn)
 J - a cursed +0 pair of boots (worn)
 N - a +0 buckler (worn)
 R - a +0 scale mail (worn)
 W - a +0 cloak (worn)
Jewellery
 g - an uncursed ring of resist corrosion
 m - a ring of protection from magic (left hand)
 r - an amulet of regeneration (around neck)
 H - a cursed +3 ring of evasion (right hand)
Scrolls
 y - a scroll of summoning {unknown}
 B - 2 scrolls of blinking
 D - 9 scrolls of identify {unknown}
 E - a scroll of random uselessness {unknown}
 G - 2 scrolls of fear {unknown}
 I - 4 scrolls of teleportation {unknown}
 L - 2 scrolls of remove curse {unknown}
 M - 2 scrolls of recharging {unknown}
 O - 2 scrolls of enchant weapon {unknown}
 S - 2 scrolls of enchant armour {unknown}
 T - 3 scrolls of amnesia {unknown}
 Z - 2 scrolls of fog {unknown}
Potions
 A - 2 potions of heal wounds
 P - a potion of lignification
 Q - 4 potions of curing
 V - a potion of ambrosia
 X - a potion of invisibility {unknown}
 Y - a potion of haste {unknown}
Books
 x - a book of Battle

   Spells                             Type                      Level
   a - Infusion                       Charms                       1
   b - Shroud of Golubria             Charms/Translocation         2
   c - Song of Slaying                Charms                       2
   d - Spectral Weapon                Hexes/Charms                 3
   e - Regeneration                   Charms/Necromancy            3
Comestibles
 f - 6 bread rations
 w - 7 chunks of flesh
 z - 9 meat rations
 C - 8 fruits
 U - 2 royal jellies


   Skills:
 - Level 2.4 Fighting
 + Level 13.5 Axes
 - Level 0.8 Throwing
 - Level 1.1 Armour
 - Level 1.5 Dodging
 - Level 1.5 Spellcasting
   Level 2.4 Translocations


You had 10 spell levels left.
You didn't know any spells.

Dungeon Overview and Level Annotations

Branches:
Dungeon (6/15)             Temple (1/1) D:5

Altars:
Cheibriados
Dithmenos
Elyvilon
Fedhas
Gozag
Hepliaklqana
Kikubaaqudgha
Makhleb
Nemelex Xobeh
Okawaru
Qazlal
Ru
Uskayaw
Vehumet
Wu Jian
Xom
Yredelemnul
Zin
The Shining One

Shops:
D:5 =


Message History

The troll closely misses you! The butt claws you!!! * * * don't die
* * * You butt the troll's attack!
Unknown command!
It was a potion of degeneration!
There was something very butt with that liquid!
You feel weakened!
You feel dopey!
You feel clumsy! The troll bites you!!! * * * don't die
* * * The troll claws you but does no damage!
The troll closely misses you!
It was a potion of ambrosia!
You are confused!
You feel invigorated! The troll bites you! * * * don'butt die
* * * The troll closely misses you!
The troll barely misses you!
You bump into the rock wall!
The troll completely misses you! The troll claws you!!! * * * don't die
* * * The troll claws you!!! rip

♣.≈♣..P#...........# ###
≈≈♣≈♣..P...........#
.≈≈≈≈≈..♣..........#####
♣♣≈≈≈≈)...###+##........
.≈≈♣≈≈....#............#
....≈....P..).÷........#
...P..P................#
##......#####.##'######
######## #.##@# #.##T#
#.##.# #.##.# #.##.# #.#
#.# #.#


You could see a troll.

Vanquished Creatures
  Grinder (D:6)
  A sky beast (D:5)
  3 phantoms
  An ogre (D:6)
  2 centaurs
  A bullfrog (D:6)
  A water moccasin skeleton (D:5)
  2 crimson imps (D:3)
  A hound (D:4)
  4 orc wizards
  A centaur skeleton (D:6)
  Jessica (D:3)
  2 iguanas
  2 worker ants (D:5)
  A hound skeleton (D:4)
  Robin (D:2)
  6 adders
  3 shadow imps (D:6)
  An ooze (D:4)
  A worm (D:6)
  A dart slug (D:2)
  2 leopard geckos
  12 orcs
  3 giant cockroaches
  15 goblins
  7 hobgoblins
  12 jackals
  4 kobolds
  4 quokkas
  A ball python (D:3)
  4 bats
  3 frilled lizards
  A leopard gecko skeleton (D:5)
  A leopard gecko zombie (D:5)
  A quokka zombie (D:5)
  4 rats
111 creatures vanquished.

Notes
Turn   | Place    | Note
-------+----------+-------------------------------------------
     0 | D:1      | Gorglomux the Hill Orc Warper began the quest for the Orb.
     0 | D:1      | Reached XP level 1. HP: 18/18 MP: 3/3
    12 | D:1      | Reached skill level 3 in Axes
   154 | D:1      | Reached XP level 2. HP: 21/25 MP: 4/4
   441 | D:2      | Reached skill level 4 in Axes
   653 | D:2      | Reached XP level 3. HP: 13/30 MP: 5/5
   995 | D:2      | Noticed Robin
  1045 | D:2      | Reached skill level 5 in Axes
  1050 | D:2      | Killed Robin
  1287 | D:2      | Reached XP level 4. HP: 37/37 MP: 6/6
  1610 | D:3      | Reached skill level 6 in Axes
  2049 | D:3      | Found a shimmering altar of Xom.
  2208 | D:3      | Reached XP level 5. HP: 40/42 MP: 7/7
  2374 | D:3      | Noticed Jessica
  2386 | D:3      | Killed Jessica
  2386 | D:3      | Reached skill level 7 in Axes
  2571 | D:4      | Reached skill level 8 in Axes
  2571 | D:4      | Reached XP level 6. HP: 48/50 MP: 8/8
  2862 | D:4      | Reached skill level 9 in Axes
  3361 | D:4      | Noticed a phantom
  3410 | D:4      | Killed a phantom
  3410 | D:4      | Reached XP level 7. HP: 48/56 MP: 9/9
  3501 | D:5      | Entered Level 5 of the Dungeon
  3559 | D:5      | Found a staircase to the Ecumenical Temple.
  3572 | Temple   | Entered the Ecumenical Temple
  3811 | Temple   | Became a worshipper of Makhleb the Destroyer
  4162 | D:5      | Reached skill level 10 in Axes
  4243 | D:5      | Found Lonuru's Jewellery Boutique.
  4513 | D:5      | Found a hide-covered altar of Uskayaw.
  4555 | D:5      | Reached skill level 11 in Axes
  4675 | D:6      | Reached XP level 8. HP: 62/62 MP: 10/10
  4811 | D:6      | Reached skill level 12 in Axes
  4931 | D:6      | Noticed Grinder
  4970 | D:6      | Killed Grinder
  4970 | D:6      | Reached skill level 13 in Axes
  5011 | D:6      | Reached * piety under Makhleb
  5178 | D:6      | Noticed a troll
  5198 | D:6      | Slain by a troll

Vault maps used:
D:1:      grunt_arrival_crossed_arrows
D:2:      wad_lake_hut, uniq_robin
D:3:      supply_closet_lemuel, led_xom_imps, uniq_jessica
D:5:      eat_drink_and_be_merry_uskayaw, minmay_temple_entry_purple_smoke,
          first_bread, serial_shops, nicolae_shop_crystal
D:6:      palyth_stone_intersect, minmay_misc_feat_four_crosses,
          small_statue_intersection, serial_bayou_pond_a, serial_bayou_lagoon_a,
          uniq_grinder
Temple:   dpeg_five_rooms_temple

Skill      XL: |  1  2  3  4  5  6  7  8 |
---------------+-------------------------+-----
Axes           | 3 4 5 6 8 9 11 13 | 13.5
Fighting       | |  2.4
Throwing       | |  0.8
Armour         | |  1.1
Dodging        | |  1.5
Spellcasting   | |  1.5
Translocations | |  2.4

Action                   |  1- 3 |  4- 6 |  7- 9 || total
-------------------------+-------+-------+-------++-------
Melee: Hand axe          |    94 |   236 |   273 ||   603
  Use: Potion            |     2 |       |     7 ||     9
  Eat: Chunk             |     1 |     7 |     4 ||    12
       Fruit             |       |       |     2 ||     2
       Meat ration       |       |       |     1 ||     1
Armor: Leather armour    |    34 |    60 |       ||    94
       Scale mail        |       |     4 |    77 ||    81
       Skin              |       |       |    17 ||    17
Dodge: Dodged            |    66 |   118 |    98 ||   282
Block: Buckler           |     7 |    21 |    21 ||    49
